 Dungeon Crawl Stone Soup version 0.28-a0-80-g9707f7362f (webtiles) character file.

Game seed: 12223612292436674135

138 HAL9000 the Changer (level 5, -6/40 HPs)
             Began as a Draconian Transmuter on Aug 5, 2021.
             Mangled by a gnoll (8 damage)
             ... on level 3 of the Dungeon.
             The game lasted 00:03:39 (2882 turns).

HAL9000 the Changer (Draconian Transmuter)          Turns: 2882, Time: 00:03:40

Health: -6/40      AC:  2    Str: 12    XL:     5   Next: 1%
Magic:  4/8        EV: 19    Int: 14    God:
Gold:   109        SH:  0    Dex: 17    Spells: 2/8 levels left

rFire   . . .      SeeInvis .     - Unarmed
rCold   . . .      Faith    .   (shield currently unavailable)
rNeg    . . .      Spirit   .   (armour unavailable)
rPois   x          Reflect  .   (helmet currently unavailable)
rElec   .          Harm     .   (cloak currently unavailable)
rCorr   .          Rampage  .   (gloves currently unavailable)
Will    .....                   (boots currently unavailable)
Stlth   ++........              (no amulet)
HPRegen 0.13/turn               (no ring)
MPRegen 0.11/turn               (no ring)

@: spider-form
A: venomous fangs, AC +5, tiny, unfitting armour, (cold-blooded)
a: End Transformation


You were on level 3 of the Dungeon.
You were a venomous arachnid creature.
You visited 1 branch of the dungeon, and saw 3 of its levels.

You collected 109 gold pieces.

Inventory:

Magical Staves
 k - a staff of poison
Scrolls
 c - a scroll of blinking {unknown}
 d - a scroll of acquirement {unknown}
 e - a scroll of enchant armour {unknown}
 f - a scroll of identify {unknown}
 g - a scroll of teleportation {unknown}
 i - a scroll of brand weapon {unknown}
Potions
 a - a potion of haste {unknown}
 b - a potion of degeneration {unknown}
 h - a potion of curing {unknown}
 j - a potion of heal wounds {unknown}


   Skills:
 - Level 1.1 Fighting
 - Level 1.7 Dodging
 - Level 3.0 Unarmed Combat
 - Level 2.0 Spellcasting
 + Level 5.2 Transmutations


You had 2 spell levels left.
You knew the following spells:

 Your Spells              Type           Power      Damage    Failure   Level
a - Beastly Appendage     Tmut           32%        N/A       10%         1
b - Wereblood             Tmut           16%        N/A       13%         2
c - Spider Form           Tmut/Pois      4%         N/A       45%         3

Your spell library contained the following spells:

 Spells                   Type           Power      Damage    Failure   Level
 Passwall                 Tmut/Erth      6%         N/A       28%         2
 Sandblast                Erth           2%         2d4       45%         1
 Static Discharge         Conj/Air       1%         N/A       56%         2
 Ice Form                 Ice/Tmut       8%         N/A       82%         4
 Dispel Undead            Necr           1%         3d6       98%         4
 Sticky Flame             Conj/Fire      1%         2d3       98%         4
 Lee's Rapid Deconstruct  Erth           0%         3d5*      100%        5


Dungeon Overview and Level Annotations

Branches:
Dungeon (3/15)

Altars:

Shops:
D:1 [   D:3 *


Innate Abilities, Weirdness & Mutations

You are a venomous arachnid creature.
You have poisonous fangs.
You are tiny and dextrous.
Your spellcasting is less reliable in this form.
Your armour is entirely melded.
You are incapable of wielding weapons or throwing items.
((Your plain brown scales are hard. (AC +5)))
You cannot fit into any form of body armour.
((You are cold-blooded and may be slowed by cold attacks.))


Message History

You barely miss the gnoll. You hit the gnoll.
The gnoll is moderately wounded.
The gnoll barely misses you.
The gnoll hits you from afar with a +0 spear!
You hit the gnoll.
The gnoll is heavily wounded.
Your transformation is almost over.
The gnoll barely misses you. The gnoll misses you.
You bite the gnoll!
You kill the gnoll!
The gnoll hits you from afar with a +0 spear.
Your transformation has ended.
Casting: Spider Form (quite dangerous; 24% risk of failure)
Confirm with . or Enter, or press ? or * to list all spells.
The spell is quite dangerous to cast (24% risk of failure)!
Continue anyway?
Okay, then.
Unknown command.
Casting: Spider Form (quite dangerous; 24% risk of failure)
Confirm with . or Enter, or press ? or * to list all spells.
The spell is quite dangerous to cast (24% risk of failure)!
Continue anyway?
You turn into a venomous arachnid creature.
Unknown command.
The gnoll hits you with a +0 spear!
* * * LOW HITPOINT WARNING * * *
You hit the gnoll.
The gnoll is poisoned.
The gnoll is moderately wounded.
The gnoll barely misses you. The gnoll misses you.
You hit the gnoll.
The gnoll looks as sick as possible!
The gnoll is severely wounded.
You kill the gnoll!
The gnoll hits you from afar with a +0 spear!
* * * LOW HITPOINT WARNING * * *
You have reached level 5!
The gnoll misses you.
You see here a +0 spear.
You hit the gnoll.
The gnoll is poisoned.
The gnoll is heavily wounded.
The gnoll hits you with a +0 spear!
You die...

#######.# #.......#
###.......# #.........#
#.#.......# #.#.......#
#.###.##### #####.##..#
############ ......##.##
#.gs.......# #.#####..#
#.########.# #.g.g.g.##
#.# #.# #######.# #g# #.#
#.######.# #.# #..g.g.g.#
#.# #.######## #.# ###
#.#
#######################.#


You could see a gnoll (very poisoned).

Vanquished Creatures
  A hound (D:3)
  3 gnolls (D:3)
  4 adders (D:2)
  A dart slug (D:1)
  2 bats (D:1)
  4 endoplasms
  A giant cockroach (D:2)
  2 goblins
  2 hobgoblins (D:1)
  6 jackals (D:1)
  3 quokkas
  3 ball pythons
  6 frilled lizards
  2 kobolds
  3 rats
43 creatures vanquished.

Notes
Turn   | Place    | Note
-------+----------+-------------------------------------------
     0 | D:1      | HAL9000 the Draconian Transmuter began the quest for the
                  | Orb.
     0 | D:1      | Reached XP level 1. HP: 16/16 MP: 3/3
   304 | D:1      | Found Egewax's Antique Armour Emporium.
   356 | D:1      | Reached XP level 2. HP: 22/23 MP: 3/5
   608 | D:1      | Found a faded altar of an unknown god.
   613 | D:1      | Reached skill level 3 in Transmutations
   616 | D:1      | Learned a level 2 spell: Wereblood
  1419 | D:2      | Reached XP level 3. HP: 6/28 MP: 6/6
  1469 | D:2      | Reached skill level 4 in Transmutations
  1790 | D:2      | Reached XP level 4. HP: 31/35 MP: 4/7
  2526 | D:3      | Learned a level 3 spell: Spider Form
  2817 | D:3      | Found Godwaos's General Store.
  2842 | D:3      | Reached skill level 5 in Transmutations
  2880 | D:3      | HP: 1/35 [gnoll (8)]
  2881 | D:3      | Reached XP level 5. HP: 2/40 MP: 4/8
  2882 | D:3      | Mangled by a gnoll

Illustrated notes

Levels and vault maps discovered:
D:1:      lemuel_arrival_hallway, layout_loops_cross,
          ebering_ecumenical_altar_rust, serial_shops, shop
D:2:      layout_loops_cross, minmay_ruptured
D:3:      layout_basic, serial_shops, shop_fountains, nicolae_square_shop,
          shop_statue, nicolae_shop_crystal, portal_sewer_entry_d,
          serial_park_tiny_2, minmay_crystal_room

Skill      XL: |  1  2  3  4 |
---------------+-------------+-----
Transmutations | 3 4 5 |  5.2
Fighting       | |  1.1
Dodging        | |  1.7
Unarmed Combat | |  3.0
Spellcasting   | |  2.0

Action                   |  1- 3 |  4- 6 || total
-------------------------+-------+-------++-------
Melee: Unarmed           |   115 |    47 ||   162
       Kick              |     8 |     6 ||    14
       Headbutt          |     4 |     2 ||     6
       Tailslap          |     4 |     3 ||     7
 Cast: Beastly Appendage |    14 |     7 ||    21
       Wereblood         |     2 |       ||     2
       Spider Form       |       |     2 ||     2
  Use: Potion            |     1 |       ||     1
       Scroll            |       |     1 ||     1
 Stab: Sleeping          |     1 |     1 ||     2
Armor: Skin              |    39 |    12 ||    51
Dodge: Dodged            |    65 |    36 ||   101

Table legend: (Time is in decaauts)
 A = Elapsed time spent in this place.
 B = Non-inter-level travel time spent in this place.
 C = Inter-level travel time spent in this place.
 D = Time resting spent in this place.
 E = Time spent auto-exploring this place.
 F = Levels seen in this place.
 G = Mean time per level.
                   A        B        C        D        E       F      G
               +--------+--------+--------+--------+--------+-----+--------+
         Total |   2879 |   2859 |     20 |    559 |   1921 |   3 |  959.7 |
       Dungeon |   2879 |   2859 |     20 |    559 |   1921 |   3 |  959.7 |
               +--------+--------+--------+--------+--------+-----+--------+

Top non-repeatable levels by time:
     D:1: 1384 daAuts
     D:2: 1099 daAuts
     D:3: 395 daAuts
